 Dungeon Crawl Stone Soup version bcrawl-1.28.1b (webtiles) character file.

Game seed: 4521266506759301829

131692 Morbidden the Chopper (level 4, 0/28 HPs)
             Began as a Skeleton Fighter on Dec 16, 2020.
             Slain by a gnoll
             ... wielding a +0 spear
              (1 damage)
             ... on level 3 of the Dungeon.
             The game lasted 00:01:16 (1905 turns).

Morbidden the Chopper (Skeleton Fighter)            Turns: 1905, Time: 00:01:16

Health: 0/28       AC: 11    Str: 23      XL:     4   Next: 33%
Magic:  0/5        EV:  5    Int:  7      God:
Gold:   86         SH:  9    Dex:  7 (8)  Spells: 5/5 levels left

rFire    . . .     SeeInvis .   a - +0 war axe
rCold    + . .     Gourm    .   c - +0 medium shield
rNeg     + + +     Faith    .   f - +0 chain mail
rPois    ∞         Spirit   +   b - +2 hat
rElec    .         Reflect  .   (no cloak)
rCorr    .         Harm     .   (no gloves)
MR       .....                  (no boots)
Stlth    ..........             (no amulet)
HPRegen  0.09/turn              (no ring)
MPRegen  0.09/turn              (no ring)

@: no status effects
A: no food or potions, cold resistance 1, deterioration 1, negative energy
resistance 3, torment resistance, unbreathing, magic shield, sturdy frame 1,
spell healing
a: no special abilities


You were on level 3 of the Dungeon.
You were not hungry.

You visited 1 branch of the dungeon, and saw 3 of its levels.

You collected 86 gold pieces.

Inventory:

Hand Weapons
 a - a +0 war axe (weapon)
Armour
 b - a +2 hat (worn)
 c - a +0 medium shield (worn)
 f - a +0 chain mail (worn)
Scrolls
 d - 3 scrolls of immolation {unknown}
 e - a scroll of enchant armour {unknown}
 g - a scroll of magic mapping {unknown}
 h - a scroll of amnesia {unknown}
 i - a scroll of noise {unknown}
 j - 2 scrolls of identify


   Skills:
 * Level 3.5 Fighting
 * Level 4.0 Axes
 + Level 3.6 Armour
 * Level 0.8 Dodging
 + Level 3.9 Shields
 * Level 1.3 Spellcasting


You had 5 spell levels left.
You didn't know any spells.
Your spell library was empty.

Dungeon Overview and Level Annotations

Branches:
Dungeon (3/12)

Altars:


Innate Abilities, Weirdness & Mutations

You do not eat or drink.
You are immune to poison.
Your flesh is cold resistant. (rC+)
Your body sometimes deteriorates upon taking damage.
You are immune to negative energy. (rN+++)
You are immune to unholy pain and torment.
You can survive without breathing.
When hurt, damage is shared between your health and your magic reserves.
Your movements are slightly less encumbered by armour. (ER -2)
Casting spells heals you.


Message History

You closely miss the gnoll. You barely miss the gnoll.
You block the gnoll's attack.
The gnoll hits you from afar with a +0 halberd!
The gnoll barely misses you. x2; The gnoll hits you but does no damage.
You closely miss the gnoll. x2; You block the gnoll's attack.
The gnoll hits you from afar with a +0 halberd.
The gnoll hits you with a +0 halberd!
* * * LOW HITPOINT WARNING * * *
The gnoll hits you but does no damage. The gnoll hits you with a +0 spear.
* * * LOW HITPOINT WARNING * * *
Your body deteriorates!
You feel clumsy. The gnoll barely misses you.
You are too injured to fight recklessly!
You are too injured to fight recklessly!
You are too injured to fight recklessly!
Unknown command.
The gnoll hits you from afar with a +0 halberd.
* * * LOW HITPOINT WARNING * * *
The gnoll hits you from afar with a +0 spear.
You die...

##.. ##... ##..# ####
##...# # #....# ###
+....# #.. #...g#####
##### #.ggg...#
###.### #.....#
#...... ##.@.##
###.### ##'## #.# #.#
#.# #.########## #.#
##.#........# #.#
##....######.# #.#
#.....# #.# #.#
.###....######.###.#
.......#.##.........#


You could see 4 gnolls.

Vanquished Creatures
  An orc priest (D:3)
  An adder (D:3)
  An ooze (D:2)
  A worm (D:2)
  A dart slug (D:1)
  A leopard gecko (D:1)
  3 orcs (D:3)
  A ball python (D:2)
  2 giant cockroaches
  3 goblins
  4 hobgoblins
  4 jackals (D:2)
  8 kobolds
  4 bats
  A rat (D:2)
36 creatures vanquished.

Notes
Turn   | Place    | Note
-------+----------+-------------------------------------------
     0 | D:1      | Morbidden the Skeleton Fighter began the quest for the Orb.
     0 | D:1      | Reached XP level 1. HP: 14/14 MP: 1/1
   415 | D:1      | Reached XP level 2. HP: 12/19 MP: 0/2
  1082 | D:2      | Reached skill level 3 in Axes
  1220 | D:2      | Reached XP level 3. HP: 23/23 MP: 4/4
  1307 | D:2      | Reached skill level 1 in Spellcasting
  1682 | D:3      | Reached skill level 4 in Axes
  1682 | D:3      | Reached XP level 4. HP: 9/28 MP: 2/5
  1905 | D:3      | HP: 1/28 [gnoll/+0 halberd (1)]
  1905 | D:3      | Slain by a gnoll

Skill      XL: |  1  2  3 |
---------------+----------+-----
Axes           | 3 4 |  4.0
Spellcasting   | 1 |  1.3
Fighting       | |  3.5
Armour         | |  3.6
Dodging        | |  0.8
Shields        | |  3.9

Action                   |  1- 3 |  4- 6 || total
-------------------------+-------+-------++-------
Melee: War axe           |    97 |     5 ||   102
Armor: Scale mail        |     8 |       ||     8
       Chain mail        |    55 |     6 ||    61
Dodge: Dodged            |    15 |     3 ||    18
Block: Medium shield     |    46 |     3 ||    49
